[Event "Titled Tuesday Blitz September 27 Early 2022"]
[White "Bettalli, Francesco"]
[Black "Aliakbarov, Anar"]
[WhiteFideId "2816453"]
[BlackFideId "13401858"]
[WhiteElo "2216"]
[BlackElo "2210"]
[Result "0-1"]
[Round "06"]
[TimeControl "180+1"]
[Date "2022.09.27"]
[WhiteClock "0:00:08"]
[BlackClock "0:00:12"]

1. d4 d5 2. Nc3 Nf6 3. Bg5 Nbd7 4. Qd3 c6 5. O-O-O h6 6. Bh4 e5 7. e4 exd4 8. Qxd4 Bc5 9. Qd3 O-O 10. exd5 Ne5 11. Qg3 Ng6 12. dxc6 Qb6 13. Bxf6 Bxf2 14. Nd5 Bxg3 15. Nxb6 Bf4+ 16. Kb1 axb6 17. cxb7 Bxb7 18. Bc3 Rfd8 19. Re1 Bd2 20. Bxd2 Rxd2 21. Nf3 Rf2 22. Re2 Rd8 23. Re1 Bxf3 24. gxf3 Nf4 25. Bc4 Rd7 26. Rhf1 Rxh2 27. a4 g5 28. Re8+ Kg7 29. Rfe1 h5 30. R1e7 Rxe7 31. Rxe7 h4 32. Rxf7+ Kg6 33. Rf8 h3 34. Rh8 Rh1+ 35. Ka2 h2 36. b4 Ng2 37. Bd5 Nh4 38. f4 Rd1 39. fxg5 Kxg5 40. Bc6 Rd6 41. Bb7 Rh6 42. Rg8+ Kf4 43. Rf8+ Kg3 44. Rf1 Ng2 45. Rd1 h1=Q 46. Rxh1 Rxh1 47. a5 bxa5 48. bxa5 Rh5 49. a6 Ne3 50. Kb3 Rb5+ 51. Ka4 Rb1 52. Ka5 Nc4+ 53. Ka4 Nd6 54. Bc6 Ra1+ 55. Kb4 Rxa6 56. Kc5 Nf5 57. c4 Kf4 58. Bb5 Ra1 59. Kb6 Ke5 60. c5 Nd4 61. c6 Rb1 62. Ka6 Nxb5 63. c7 Nxc7+ 64. Ka5 Kd4 65. Ka4 0-1


[Site "https://www.chess.com"]

[Event "Titled Tuesday Blitz September 27 Early 2022"]
[White "Bharath Subramaniyam H"]
[Black "Lewtak, Damian"]
[WhiteFideId "46634827"]
[BlackFideId "1141724"]
[WhiteElo "2346"]
[BlackElo "2329"]
[Result "0-1"]
[Round "06"]
[TimeControl "180+1"]
[Date "2022.09.27"]
[WhiteClock "0:00:01"]
[BlackClock "0:00:02"]

1. d4 g6 2. Nc3 Bg7 3. e4 d6 4. Nf3 a6 5. a4 Nf6 6. Be2 O-O 7. O-O Nc6 8. d5 Nb8 9. Be3 Bg4 10. Nd4 Bxe2 11. Qxe2 c5 12. Nf3 Nbd7 13. Nd2 Ne8 14. a5 Nc7 15. Rfb1 f5 16. f3 f4 17. Bf2 e6 18. dxe6 Nxe6 19. Nd5 Nd4 20. Qd1 Nf6 21. c3 Nc6 22. Nc4 Kh8 23. Ndb6 Rb8 24. Qxd6 Qe8 25. Qxc5 Qf7 26. Rd1 Rbd8 27. Nd6 Qe7 28. Ndc4 Qe6 29. Rd6 Rxd6 30. Qxd6 Qf7 31. e5 Ne8 32. Qc5 g5 33. Re1 g4 34. e6 Qg6 35. e7 Rg8 36. fxg4 Qxg4 37. h3 Qg6 38. Qd5 Bf6 39. Nc8 Nc7 40. Qf3 Rxc8 41. Qxf4 Rg8 42. g4 Ne8 43. Bc5 h5 44. Re4 Qg5 45. Qxg5 Rxg5 46. Nd6 Rxc5 47. Nxe8 Bxe7 48. Nc7 Rxa5 49. Ne6 Ra1+ 50. Kg2 Ra2 51. Re2 hxg4 52. hxg4 Bf6 53. Kf3 Ne5+ 54. Kf4 Kg8 55. Nc5 Ng6+ 56. Kf5 Kf7 57. Nxb7 Ne7+ 58. Ke4 Ng6 59. Nd6+ Kf8 60. Rf2 Ke7 0-1


[Site "https://www.chess.com"]

[Event "Titled Tuesday Blitz September 27 Early 2022"]
[White "Bilan, Danila"]
[Black "Wagner, Dennis"]
[WhiteFideId "24161918"]
[BlackFideId "24650684"]
[WhiteElo "2164"]
[BlackElo "2355"]
[Result "0-1"]
[Round "06"]
[TimeControl "180+1"]
[Date "2022.09.27"]
[WhiteClock "0:00:02"]
[BlackClock "0:00:11"]

1. d4 Nf6 2. Nf3 g6 3. Bg5 Bg7 4. c3 O-O 5. Nbd2 d6 6. e4 c5 7. Bc4 cxd4 8. cxd4 Nxe4 9. Nxe4 d5 10. Bd3 dxe4 11. Bxe4 Nd7 12. O-O Nf6 13. Bc2 Be6 14. Bb3 Bd5 15. Re1 Re8 16. Qd3 Qd6 17. Rad1 e6 18. Ne5 Rac8 19. Qh3 Bxb3 20. Qxb3 b6 21. Qf3 Qd5 22. Qf4 Qd8 23. Qh4 h6 24. Bxh6 Nd5 25. Qxd8 Rexd8 26. Bxg7 Kxg7 27. Rd2 Nb4 28. a3 Nc2 29. Red1 Rxd4 30. Rxd4 Nxd4 31. g3 Nb3 32. Rd7 Kf6 33. Nxf7 Rc2 34. Rxa7 Rxb2 0-1


[Site "https://www.chess.com"]

[Event "Titled Tuesday Blitz September 27 Early 2022"]
[White "Bilych, Olexiy"]
[Black "Shandrygin, Nikita"]
[WhiteFideId "14156504"]
[BlackFideId "24198668"]
[WhiteElo "2157"]
[BlackElo "2323"]
[Result "0-1"]
[Round "06"]
[TimeControl "180+1"]
[Date "2022.09.27"]
[WhiteClock "0:00:13"]
[BlackClock "0:00:06"]

1. e4 c5 2. Nf3 e6 3. d4 cxd4 4. Nxd4 Nf6 5. Nc3 Nc6 6. Nxc6 bxc6 7. e5 Nd5 8. Ne4 Qc7 9. f4 Qb6 10. c4 Bb4+ 11. Ke2 f5 12. Nf2 Ba6 13. Kf3 Ne7 14. Be3 Bc5 15. Bxc5 Qxc5 16. Qd6 Qa5 17. a3 c5 18. Be2 g5 19. b4 Bb7+ 20. Kg3 gxf4+ 21. Kh3 Qd8 22. g3 Ng6 23. Bh5 Qg5 24. Qd1 O-O-O 25. Rg1 Nxe5 26. gxf4 Qxf4 27. Nd3 Qe3+ 28. Rg3 Qd4 29. Nxc5 Qf4 30. Qc1 Qxc1 31. Rxc1 Rhg8 32. Re3 Ng6 33. Rf1 Kc7 34. Nd3 Rdf8 35. Bxg6 hxg6 36. Ne5 d6 37. Nf3 e5 38. Ng5 Rh8+ 39. Kg3 f4+ 40. Kg4 Bc8+ 0-1


[Site "https://www.chess.com"]

[Event "Titled Tuesday Blitz September 27 Early 2022"]
[White "Blokhin, Sofia"]
[Black "Mouhamad, Joachim"]
[WhiteFideId "4508190"]
[BlackFideId "656410"]
[WhiteElo "1771"]
[BlackElo "2147"]
[Result "1/2-1/2"]
[Round "06"]
[TimeControl "180+1"]
[Date "2022.09.27"]
[WhiteClock "0:01:11"]
[BlackClock "0:00:56"]

1. d4 Nf6 2. c4 g6 3. Nc3 d5 4. e3 Bg7 5. cxd5 Nxd5 6. Nf3 O-O 7. Bd3 c5 8. Nxd5 Qxd5 9. e4 Qd8 10. d5 Bg4 11. h3 Bxf3 12. Qxf3 Nd7 13. Qe2 a6 14. f4 b5 15. O-O c4 16. Bc2 Qb6+ 17. Be3 Bd4 18. Rf3 Bxe3+ 19. Rxe3 Rac8 20. Kh1 e5 21. f5 f6 22. fxg6 hxg6 23. Rg3 g5 24. h4 Rf7 25. hxg5 Rh7+ 26. Rh3 Rxh3+ 27. gxh3 fxg5 28. Qg4 Qf6 29. Qxd7 Qf3+ 30. Kg1 Qg3+ 31. Kh1 Qf3+ 32. Kg1 Qg3+ 33. Kh1 Qf3+ 1/2-1/2


[Site "https://www.chess.com"]

[Event "Titled Tuesday Blitz September 27 Early 2022"]
[White "Bluebaum, Matthias"]
[Black "Papasimakopoulos, Alexandros"]
[WhiteFideId "24651516"]
[BlackFideId "4244125"]
[WhiteElo "2633"]
[BlackElo "2357"]
[Result "1-0"]
[Round "06"]
[TimeControl "180+1"]
[Date "2022.09.27"]
[WhiteClock "0:00:07"]
[BlackClock "0:00:02"]

1. d4 e6 2. c4 Nf6 3. Nc3 Bb4 4. e3 O-O 5. Bd2 d5 6. Nf3 c5 7. a3 Bxc3 8. Bxc3 Ne4 9. Rc1 Nxc3 10. Rxc3 cxd4 11. Nxd4 Nc6 12. cxd5 Qxd5 13. Nxc6 bxc6 14. Qc2 Rb8 15. b4 Bb7 16. Rc5 Qd8 17. Bd3 h6 18. O-O Ra8 19. Bh7+ Kh8 20. Be4 a5 21. b5 Rc8 22. Bxc6 Bxc6 23. bxc6 Qc7 24. g3 Rfd8 25. Rb1 Rb8 26. Rcb5 Rxb5 27. Rxb5 Rc8 28. Rc5 Kg8 29. a4 g6 30. Qc3 h5 31. h4 Kh7 32. Kg2 Kg8 33. Qc2 Kf8 34. e4 Kg8 35. Qc3 Kh7 36. g4 Qf4 37. Qf3 Qxg4+ 38. Qxg4 hxg4 39. e5 Kh6 40. Kg3 Kh5 41. Rc4 g5 42. hxg5 Kxg5 43. Rxg4+ Kf5 44. f4 f6 45. exf6 Kxf6 46. Rg5 Rxc6 47. Rxa5 Rc3+ 48. Kg4 Ra3 49. Ra6 Kf7 50. Kg5 Rg3+ 51. Kh4 Rg1 52. a5 Kf6 53. Ra8 Kf5 54. a6 Rh1+ 55. Kg3 Rg1+ 56. Kf2 Rg7 57. a7 Rf7 58. Ke3 Kf6 59. Ke4 Kg7 60. Ke5 Rf5+ 61. Kxe6 Rf6+ 62. Ke5 1-0


[Site "https://www.chess.com"]

[Event "Titled Tuesday Blitz September 27 Early 2022"]
[White "Carrasco Miranda, Andres"]
[Black "Zong, Davis"]
[WhiteFideId "3405990"]
[BlackFideId "30903955"]
[WhiteElo "2177"]
[BlackElo "2061"]
[Result "0-1"]
[Round "06"]
[TimeControl "180+1"]
[Date "2022.09.27"]
[WhiteClock "0:00:02"]
[BlackClock "0:00:13"]

1. d4 d5 2. c4 c6 3. Nf3 Nf6 4. e3 Bf5 5. Nc3 e6 6. Nh4 Be4 7. f3 Bg6 8. Qb3 Qb6 9. Bd2 Nbd7 10. Nxg6 hxg6 11. Bd3 Bd6 12. f4 dxc4 13. Bxc4 Nd5 14. Ne4 Be7 15. Qxb6 axb6 16. Ke2 b5 17. Bb3 Kd8 18. g4 Kc7 19. g5 f5 20. Nc3 Rh3 21. Nxd5+ exd5 22. Kf2 Nb6 23. Kg2 Rh4 24. Be1 Rhh8 25. h4 Nc4 26. Bxc4 bxc4 27. Rh3 Ra4 28. a3 b5 29. Rb1 b4 30. Bxb4 Bxb4 31. axb4 Rxb4 32. Kf3 c3 33. Rhh1 cxb2 34. Ke2 Ra8 35. Kd3 Ra3+ 36. Kd2 Rbb3 37. h5 gxh5 38. Rxh5 Rxe3 39. Rxb2 Red3+ 40. Ke2 Rxd4 41. Rh7 Re4+ 42. Kd2 Re7 43. Rb4 c5 44. Rb5 Kc6 45. Rb8 Ra4 46. Rc8+ Kb5 47. Rb8+ Kc6 48. Rc8+ Kb6 49. Rd8 Rd4+ 50. Kc3 Kc7 51. Rf8 Rxf4 52. g6 Rf3+ 53. Kd2 Kd7 54. Rf7 Rxf7 55. gxf7 Ke7 56. Rxg7 c4 57. Ke2 Rh3 58. Rg6 Kxf7 59. Rd6 c3 60. Rxd5 Ke6 61. Rc5 Kf6 62. Kf2 Kg5 63. Rc8 Rd3 0-1


[Site "https://www.chess.com"]

[Event "Titled Tuesday Blitz September 27 Early 2022"]
[White "Chernomordik, Pavel"]
[Black "Schekachikhin, Maksim"]
[WhiteFideId "2804530"]
[BlackFideId "24177830"]
[WhiteElo "2217"]
[BlackElo "2226"]
[Result "0-1"]
[Round "06"]
[TimeControl "180+1"]
[Date "2022.09.27"]
[WhiteClock "0:00:01"]
[BlackClock "0:00:13"]

1. e4 d6 2. d4 Nf6 3. Nc3 g6 4. Bg5 Bg7 5. Qd2 a6 6. f4 b5 7. Bd3 Bb7 8. e5 Nfd7 9. Nf3 O-O 10. O-O-O b4 11. Ne4 a5 12. Rde1 dxe5 13. fxe5 Nc6 14. e6 fxe6 15. Bc4 Kh8 16. Bxe6 a4 17. Bh6 b3 18. Bxg7+ Kxg7 19. cxb3 axb3 20. a3 Nf6 21. Nc5 Rb8 22. Bxb3 Bc8 23. d5 Qd6 24. Qc3 Nd8 25. Ng5 Qf4+ 26. Qe3 Ng4 27. Qxf4 Rxf4 28. Rxe7+ Kf6 29. Rxc7 Kxg5 30. d6 Bf5 31. Rd1 Nf2 32. Rd2 Ne4 33. Nxe4+ Rxe4 34. Rd5 Rxb3 35. Rxh7 Re1+ 36. Kd2 Rbe3 37. h4+ Kg4 38. Rd4+ Kg3 39. Re7 Rxe7 40. dxe7 Rxe7 41. Rxd8 Kxg2 42. a4 Kg3 43. a5 Kxh4 44. b4 g5 45. b5 Bd7 46. b6 Bc6 0-1


[Site "https://www.chess.com"]

[Event "Titled Tuesday Blitz September 27 Early 2022"]
[White "Cnejev, Vladimir-Alexandru"]
[Black "Moaataz, Ayah"]
[WhiteFideId "1260898"]
[BlackFideId "10615873"]
[WhiteElo "1983"]
[BlackElo "1993"]
[Result "1/2-1/2"]
[Round "06"]
[TimeControl "180+1"]
[Date "2022.09.27"]
[WhiteClock "0:00:13"]
[BlackClock "0:01:27"]

1. e4 c6 2. d4 d5 3. exd5 cxd5 4. Bd3 Nc6 5. c3 Qc7 6. h3 Nf6 7. Nf3 g6 8. O-O Bg7 9. Re1 O-O 10. Nbd2 a6 11. Nf1 b5 12. a3 Rb8 13. Ne5 Nxe5 14. dxe5 Nd7 15. f4 e6 16. Be3 Nc5 17. Bc2 f6 18. exf6 Bxf6 19. Nh2 Bh4 20. Re2 Bg3 21. Qd4 Bxf4 22. Qxc5 Bxh2+ 23. Kh1 Bd6 24. Qd4 Bb7 25. Qg4 Rbe8 26. Bh6 Rf7 27. Rxe6 Rxe6 28. Qxe6 Qe7 29. Qxe7 Bxe7 30. Rd1 Rf2 31. Bb3 Rxb2 32. Bxd5+ Bxd5 33. Rxd5 Bxa3 34. Rd7 Re2 35. Rg7+ Kh8 36. Ra7 Kg8 37. Rg7+ Kh8 38. Ra7 Kg8 39. Rg7+ 1/2-1/2


[Site "https://www.chess.com"]

[Event "Titled Tuesday Blitz September 27 Early 2022"]
[White "Concio, Michael Jr."]
[Black "Khamdamova, Afruza"]
[WhiteFideId "5217873"]
[BlackFideId "14210444"]
[WhiteElo "1896"]
[BlackElo "1668"]
[Result "1-0"]
[Round "06"]
[TimeControl "180+1"]
[Date "2022.09.27"]
[WhiteClock "0:01:23"]
[BlackClock "0:00:02"]

1. e4 e5 2. Nf3 Nc6 3. Bb5 a6 4. Ba4 Nf6 5. O-O Be7 6. d4 exd4 7. Nxd4 Nxd4 8. Qxd4 b5 9. Bb3 c5 10. Bxf7+ Kxf7 11. Qc3 Bb7 12. e5 Nd5 13. Qf3+ Ke8 14. Rd1 Qb6 15. Rxd5 Qe6 16. c4 bxc4 17. Nc3 Rf8 18. Qe4 Rc8 19. Be3 Bxd5 20. Nxd5 g6 21. Rd1 Rf5 22. f4 Kf7 23. g4 Rg8 24. Kh1 Bh4 25. Nc7 Qb6 26. Rxd7+ 1-0


[Site "https://www.chess.com"]

[Event "Titled Tuesday Blitz September 27 Early 2022"]
[White "Cramling Bellon, Anna"]
[Black "Bowden, Karl"]
[WhiteFideId "32009232"]
[BlackFideId "400548"]
[WhiteElo "1905"]
[BlackElo "2463"]
[Result "0-1"]
[Round "06"]
[TimeControl "180+1"]
[Date "2022.09.27"]
[WhiteClock "0:00:01"]
[BlackClock "0:00:18"]

1. d4 Nf6 2. c4 c5 3. d5 Ne4 4. Qd3 Qa5+ 5. Nd2 Nd6 6. e4 g6 7. e5 Nf5 8. Nf3 Bg7 9. Be2 O-O 10. O-O d6 11. Nb3 Qc7 12. g4 Nd4 13. Nbxd4 cxd4 14. exd6 exd6 15. Nxd4 Nd7 16. Nb5 Qd8 17. Qg3 Ne5 18. Bf4 a6 19. Nc3 Qb6 20. Rab1 Bd7 21. Be3 Qc7 22. Ne4 f5 23. gxf5 Bxf5 24. Ng5 Rae8 25. Rbc1 Qe7 26. h4 Nd7 27. c5 Be5 28. f4 Bxb2 29. Rce1 Qxe3+ 30. Qxe3 Rxe3 31. Ne6 Rc8 32. Bc4 Nxc5 33. Rxe3 Nxe6 34. dxe6 Bd4 35. Re1 Rxc4 36. e7 Bd7 37. e8=Q+ Bxe8 38. Kg2 Bxe3 39. Rxe3 Bc6+ 40. Kg3 Rc2 41. a3 Ra2 42. Kg4 Kf7 43. h5 Rg2+ 44. Kh3 Rg1 45. hxg6+ hxg6 46. Kh2 Rh1+ 47. Kg3 Kf6 48. Kf2 Rh2+ 49. Kg3 Ra2 50. Kh4 Bd5 51. Kg3 Be6 52. Rd3 d5 53. Kf3 Rb2 54. Ke3 Kf5 55. Kd4 Rb5 56. Rf3 Rb1 57. Rf2 Rc1 58. Kd3 Ra1 59. Kd4 Rxa3 60. Kc5 Ra4 61. Kd6 Rxf4 62. Re2 Re4 63. Rf2+ Rf4 64. Re2 Bf7 65. Re5+ Kf6 66. Re2 g5 67. Kc7 g4 68. Kxb7 d4 69. Kxa6 d3 70. Rd2 Bc4+ 71. Kb6 Ke5 72. Kc5 Ke4 73. Rg2 Kf3 0-1


[Site "https://www.chess.com"]

[Event "Titled Tuesday Blitz September 27 Early 2022"]
[White "Cruz, Jonathan"]
[Black "Le, Tuan Minh"]
[WhiteFideId "3802124"]
[BlackFideId "12401153"]
[WhiteElo "2406"]
[BlackElo "2530"]
[Result "0-1"]
[Round "06"]
[TimeControl "180+1"]
[Date "2022.09.27"]
[WhiteClock "0:00:01"]
[BlackClock "0:00:06"]

1. e4 c5 2. Nf3 Nf6 3. e5 Nd5 4. Nc3 e6 5. Nxd5 exd5 6. c4 d4 7. Bd3 d6 8. O-O Nc6 9. Re1 Be7 10. exd6 Qxd6 11. Ng5 Qh6 12. f4 g6 13. Be4 Qg7 14. Bxc6+ bxc6 15. Qf3 Bd7 16. d3 Kf8 17. b3 h6 18. Ne4 f5 19. Nf2 Qf6 20. Ba3 Kf7 21. Re5 Bd6 22. Re2 Rhe8 23. Rae1 Rxe2 24. Rxe2 a5 25. Rb2 Re8 26. Re2 Rb8 27. Rb2 Qe7 28. Re2 Qd8 29. Qh3 h5 30. Qf3 a4 31. Nh3 axb3 32. Ng5+ Kg8 33. axb3 Rxb3 34. Bc1 Rb1 35. Re1 Qa5 36. Qg3 Qa1 37. Nf3 Kg7 38. Nh4 Be8 39. Rxe8 Rxc1+ 40. Kf2 Rf1+ 41. Ke2 Qd1# 0-1


[Site "https://www.chess.com"]

[Event "Titled Tuesday Blitz September 27 Early 2022"]
[White "D`Arruda, Ricardo D."]
[Black "Kuchava, Ana"]
[WhiteFideId "100692"]
[BlackFideId "13605348"]
[WhiteElo "2463"]
[BlackElo "1955"]
[Result "0-1"]
[Round "06"]
[TimeControl "180+1"]
[Date "2022.09.27"]
[WhiteClock "0:00:55"]
[BlackClock "0:01:01"]

1. d4 d5 2. Nf3 Nf6 3. c4 e6 4. Nc3 Be7 5. e3 O-O 6. Bd3 b6 7. O-O Bb7 8. b3 Nbd7 9. Bb2 c5 10. Qe2 Rc8 11. Rfd1 cxd4 12. exd4 dxc4 13. bxc4 Nb8 14. Rac1 Nc6 15. Ne5 Nxd4 16. Qe3 Bc5 17. Qg3 Qe7 18. Ng4 Nxg4 19. Qxg4 f5 20. Qh3 Rfd8 21. Re1 Qg5 22. Kh1 Nf3 23. Red1 Ne5 24. Bf1 Bxf2 25. Rxd8+ Rxd8 26. Nb5 Ng4 27. c5 Be3 0-1


[Site "https://www.chess.com"]

[Event "Titled Tuesday Blitz September 27 Early 2022"]
[White "Danielyan, Vahe"]
[Black "Raja Rithvik R"]
[WhiteFideId "13304828"]
[BlackFideId "35007394"]
[WhiteElo "2421"]
[BlackElo "2255"]
[Result "1-0"]
[Round "06"]
[TimeControl "180+1"]
[Date "2022.09.27"]
[WhiteClock "0:00:21"]
[BlackClock "0:00:03"]

1. e4 c5 2. Nc3 Nc6 3. Bb5 Nd4 4. Nf3 g6 5. O-O Bg7 6. Nxd4 cxd4 7. Ne2 a6 8. Bd3 d5 9. exd5 Qxd5 10. c3 dxc3 11. dxc3 Nf6 12. Bc2 Qxd1 13. Rxd1 O-O 14. Bg5 h6 15. Bh4 g5 16. Bg3 Nh5 17. Bc7 Be6 18. Nd4 Bxd4 19. Rxd4 Rac8 20. Ba5 Nf4 21. Re1 Bxa2 22. g3 Nd5 23. Ra1 Bc4 24. b3 Nxc3 25. Rxc4 Nd5 26. Rd1 e6 27. Be4 b5 28. Rxc8 Rxc8 29. Bxd5 exd5 30. Rxd5 Rc6 31. Bb4 Rc1+ 32. Kg2 Rb1 33. Rd3 Kg7 34. Bd2 f6 35. b4 Rd1 36. Kf3 h5 37. Rd6 Kg6 38. Ke2 Rh1 39. Rxa6 Rxh2 40. Bc3 h4 41. gxh4 Rxh4 42. Rxf6+ Kh5 43. Rc6 Re4+ 44. Kd3 Rf4 45. Ke3 Kg4 46. Rc5 Rf3+ 47. Ke2 Rh3 48. Bd2 Rb3 49. Rxg5+ 1-0


[Site "https://www.chess.com"]

[Event "Titled Tuesday Blitz September 27 Early 2022"]
[White "De Souza, Cristiano Gomes"]
[Black "Omariev, Maksim"]
[WhiteFideId "2151758"]
[BlackFideId "4193423"]
[WhiteElo "2068"]
[BlackElo "2402"]
[Result "1-0"]
[Round "06"]
[TimeControl "180+1"]
[Date "2022.09.27"]
[WhiteClock "0:00:36"]
[BlackClock "0:00:02"]

1. d4 h5 2. c4 h4 3. Nc3 c6 4. h3 d5 5. Nf3 dxc4 6. a4 e6 7. e4 Be7 8. Bxc4 Nf6 9. Qe2 b6 10. Bg5 Nh5 11. Bxe7 Qxe7 12. O-O Rh6 13. Ne5 Bb7 14. f4 Nd7 15. Ng4 Rh8 16. Qe3 a6 17. Rfb1 b5 18. Bf1 Ng3 19. Ne2 Nxf1 20. Rxf1 Nb6 21. b3 O-O-O 22. Rfc1 Qc7 23. axb5 axb5 24. Nc3 Kb8 25. Nxb5 Qd7 26. Ne5 Qe8 27. Na7 Rd6 28. Nc4 Nxc4 29. bxc4 Qd7 30. d5 cxd5 31. cxd5 exd5 32. e5 d4 33. Qa3 Ra6 34. Qc5 Rxa1 35. Rxa1 Rh6 36. Nb5 Ra6 37. Rxa6 Bxa6 38. Nxd4 Bb7 39. Qd6+ Qxd6 40. exd6 Kc8 41. Nf5 g6 42. Nxh4 Kd7 43. Kf2 Kxd6 44. g4 Ke6 45. Kg3 Kf6 46. Nf3 Bc8 47. Ne5 Kg7 48. h4 Be6 49. Nd3 Bc4 50. Nc5 Bd5 51. Nd7 Bc6 52. Ne5 Bd5 53. g5 Be6 54. Ng4 Bf5 55. Ne3 Be6 56. Kf3 Bd7 57. Ke4 Be6 58. Ke5 Bd7 59. f5 gxf5 60. Nxf5+ Kf8 61. Kf6 Be6 62. Nh6 Bd5 63. h5 Bc4 64. g6 fxg6 65. hxg6 Ba2 66. g7+ Ke8 67. Nf5 Bb3 68. Nd4 Bd5 69. Ne6 1-0


[Site "https://www.chess.com"]

[Event "Titled Tuesday Blitz September 27 Early 2022"]
[White "Diaz Perez, Michel Alejandro"]
[Black "Gajwa Ankit"]
[WhiteFideId "3517179"]
[BlackFideId "5077834"]
[WhiteElo "2313"]
[BlackElo "2036"]
[Result "1-0"]
[Round "06"]
[TimeControl "180+1"]
[Date "2022.09.27"]
[WhiteClock "0:02:31"]
[BlackClock "0:01:39"]

1. Nf3 Nf6 2. g3 g6 3. Bg2 Bg7 4. O-O O-O 5. c4 d6 6. d4 Nbd7 7. Nc3 e5 8. Re1 c6 9. e4 exd4 10. Nxd4 Re8 11. h3 a5 12. Be3 Nc5 13. Qc2 Qe7 14. Rad1 Nfxe4 15. Nxe4 Nxe4 16. Bxe4 Qxe4 17. Bd2 Qxd4 18. Rxe8+ Bf8 19. Rxf8+ 1-0


[Site "https://www.chess.com"]

[Event "Titled Tuesday Blitz September 27 Early 2022"]
[White "Dilanyan, Grigor"]
[Black "Sztokbant, Bernardo Vainzoff"]
[WhiteFideId "13303570"]
[BlackFideId "2115956"]
[WhiteElo "2264"]
[BlackElo "2172"]
[Result "1-0"]
[Round "06"]
[TimeControl "180+1"]
[Date "2022.09.27"]
[WhiteClock "0:00:39"]
[BlackClock "0:00:12"]

1. e4 e5 2. Nf3 Nf6 3. Nxe5 d6 4. Nf3 Nxe4 5. d3 Nf6 6. d4 d5 7. Bd3 Bd6 8. Qe2+ Qe7 9. Qxe7+ Bxe7 10. O-O O-O 11. Bf4 c6 12. Re1 Re8 13. a4 a5 14. Bc7 Nbd7 15. Nbd2 Nf8 16. Nb3 Bb4 17. c3 Ne6 18. Rxe6 Bxe6 19. cxb4 axb4 20. h3 Ne4 21. Ne5 f6 22. Ng4 Bf5 23. Ne3 Bg6 24. Bxe4 Bxe4 25. Bd6 Bd3 26. Bxb4 b6 27. Bc3 f5 28. g3 g5 29. Nc1 Be4 30. Ne2 Bf3 31. Nc1 f4 32. gxf4 gxf4 33. Nf5 Re6 34. Kh2 Rg6 35. Ne7+ Kf7 36. Nxg6 Kxg6 37. Nd3 Kf5 38. Ne5 Be4 39. f3 Bc2 40. Nxc6 1-0


[Site "https://www.chess.com"]

[Event "Titled Tuesday Blitz September 27 Early 2022"]
[White "Dilmukhametov, Artur"]
[Black "Balint, Vilmos"]
[WhiteFideId "24179922"]
[BlackFideId "718050"]
[WhiteElo "2206"]
[BlackElo "2076"]
[Result "0-1"]
[Round "06"]
[TimeControl "180+1"]
[Date "2022.09.27"]
[WhiteClock "0:02:15"]
[BlackClock "0:02:16"]

1. e4 e5 2. Nf3 Nc6 3. d4 exd4 4. Nxd4 Qh4 5. Be3 Qxe4 6. Nc3 Bb4 7. Nxc6 dxc6 8. Bd3 Qxg2 9. Rf1 Bg4 10. Be2 Rd8 11. Qc1 Bxe2 12. Kxe2 Qg4+ 13. Ke1 Nf6 14. a3 Bxc3+ 15. bxc3 O-O 16. f3 Qh4+ 17. Bf2 Rfe8+ 0-1


[Site "https://www.chess.com"]

[Event "Titled Tuesday Blitz September 27 Early 2022"]
[White "Eisa Mohmood, Alkhoori"]
[Black "Thorhallsson, Simon"]
[WhiteFideId "9316116"]
[BlackFideId "2310090"]
[WhiteElo "1245"]
[BlackElo "2137"]
[Result "0-1"]
[Round "06"]
[TimeControl "180+1"]
[Date "2022.09.27"]
[WhiteClock "0:00:10"]
[BlackClock "0:00:22"]

1. e4 c5 2. Nf3 a6 3. d4 cxd4 4. Nxd4 Nf6 5. Nc3 e5 6. Nf3 Bb4 7. Bc4 O-O 8. Nxe5 Qa5 9. Nxf7 Bxc3+ 10. Kf1 Rxf7 11. Bxf7+ Kxf7 12. bxc3 Qxc3 13. Bf4 d5 14. Bd2 Qc4+ 15. Kg1 Nxe4 16. Qh5+ Kf8 17. Re1 Nc6 18. f3 Nf6 19. Qg5 Bd7 20. h4 Re8 21. Rxe8+ Bxe8 22. h5 h6 23. Qf5 Qd4+ 24. Kh2 Qxd2 25. Rb1 Nd4 26. Qc8 Nxf3+ 0-1


[Site "https://www.chess.com"]

[Event "Titled Tuesday Blitz September 27 Early 2022"]
[White "Estrada Nieto, Julian"]
[Black "Perez Gormaz, Matias"]
[WhiteFideId "5101018"]
[BlackFideId "3406342"]
[WhiteElo "2252"]
[BlackElo "2341"]
[Result "0-1"]
[Round "06"]
[TimeControl "180+1"]
[Date "2022.09.27"]
[WhiteClock "0:00:01"]
[BlackClock "0:00:04"]

1. e4 d5 2. exd5 Qxd5 3. Nc3 Qd8 4. d4 g6 5. Nf3 Bg7 6. Bc4 Nf6 7. O-O O-O 8. h3 a6 9. a4 Nc6 10. Re1 e6 11. Bg5 Ne7 12. Ne5 h6 13. Bf4 Nf5 14. d5 exd5 15. Nxd5 Nxd5 16. Qxd5 Qxd5 17. Bxd5 g5 18. Bh2 Nd4 19. Rac1 c6 20. c3 cxd5 21. cxd4 Be6 22. Rc7 b5 23. a5 Rfc8 24. Rec1 Rxc7 25. Rxc7 Bf8 26. Nd3 Bf5 27. Nc5 h5 28. Be5 h4 29. Rc6 Bc8 30. Kf1 Kh7 31. Bd6 Bg7 32. Be5 Bf8 33. Bf6 Bh6 34. Ke2 g4 35. hxg4 Bxg4+ 36. f3 h3 37. gxh3 Bxh3 38. Kf2 Bc8 39. Be5 Bc1 40. b3 Bd2 41. Ke2 Bxa5 0-1


[Site "https://www.chess.com"]

[Event "Titled Tuesday Blitz September 27 Early 2022"]
[White "Eynullayev, Atilla"]
[Black "Burmakin, Vladimir"]
[WhiteFideId "13413570"]
[BlackFideId "4105109"]
[WhiteElo "1936"]
[BlackElo "2513"]
[Result "0-1"]
[Round "06"]
[TimeControl "180+1"]
[Date "2022.09.27"]
[WhiteClock "0:00:05"]
[BlackClock "0:00:33"]

1. e4 c6 2. d4 d5 3. e5 Bf5 4. Bd3 Bxd3 5. Qxd3 e6 6. Ne2 c5 7. c3 Nc6 8. O-O Qb6 9. Nd2 cxd4 10. cxd4 Nge7 11. Nf3 Nf5 12. a3 Be7 13. g4 Nh4 14. Nxh4 Bxh4 15. f4 Be7 16. f5 Nxe5 17. Qg3 Nc6 18. fxe6 fxe6 19. Be3 O-O-O 20. b4 Bd6 21. Qh3 Kb8 22. Rac1 Qa6 23. Nf4 Qxa3 24. Nxe6 Rde8 25. g5 Re7 26. b5 Rhe8 27. bxc6 Rxe6 28. c7+ Bxc7 29. Rxc7 Qxe3+ 30. Qxe3 Rxe3 31. Rxg7 R3e7 32. Rff7 Rxf7 33. Rxf7 Rg8 34. h4 h6 35. Kg2 hxg5 36. h5 Rh8 37. Rf5 Rxh5 38. Rxd5 Kc7 39. Kg3 Rh4 0-1


[Site "https://www.chess.com"]

[Event "Titled Tuesday Blitz September 27 Early 2022"]
[White "Ezat, Mohamed"]
[Black "Sanchez, Robert"]
[WhiteFideId "10600906"]
[BlackFideId "2034360"]
[WhiteElo "2386"]
[BlackElo "2394"]
[Result "1-0"]
[Round "06"]
[TimeControl "180+1"]
[Date "2022.09.27"]
[WhiteClock "0:02:19"]
[BlackClock "0:01:48"]

1. d4 d5 2. c4 e6 3. Nc3 Nf6 4. cxd5 exd5 5. Bg5 Be7 6. e3 c6 7. Qc2 O-O 8. Bd3 h6 9. Bxf6 Bxf6 10. Nge2 a5 11. O-O Na6 12. a3 Bd7 13. Rab1 c5 14. dxc5 Nxc5 15. Bf5 Be6 16. Rfd1 Rc8 17. Nf4 Bxc3 18. bxc3 Qd7 19. Bxe6 fxe6 20. c4 Ne4 21. Qxe4 1-0


[Site "https://www.chess.com"]

[Event "Titled Tuesday Blitz September 27 Early 2022"]
[White "Fernandez De La Vara, Arnaldo"]
[Black "Pacheco Lugo, Alejandro Jose"]
[WhiteFideId "3518388"]
[BlackFideId "3903745"]
[WhiteElo "2387"]
[BlackElo "2146"]
[Result "1-0"]
[Round "06"]
[TimeControl "180+1"]
[Date "2022.09.27"]
[WhiteClock "0:00:04"]
[BlackClock "0:00:01"]

1. Nf3 Nf6 2. g3 d5 3. Bg2 e6 4. O-O Be7 5. d4 O-O 6. c4 dxc4 7. Qc2 a6 8. a4 Bd7 9. Ne5 Bc6 10. Nxc6 Nxc6 11. e3 Na5 12. Nd2 c5 13. dxc5 Bxc5 14. Nxc4 Rc8 15. Rd1 Qc7 16. Nxa5 Qxa5 17. Qb3 Rc7 18. Bd2 Qb6 19. Qxb6 Bxb6 20. a5 Bc5 21. Rac1 Rfc8 22. b4 Be7 23. Bxb7 Rxc1 24. Bxc1 Rb8 25. Bf3 Bxb4 26. Bd2 Bxd2 27. Rxd2 Ne8 28. Rd7 Kf8 29. Ra7 Nd6 30. Rxa6 Rb1+ 31. Kg2 Nc4 32. Be2 Ne5 33. Rd6 Ra1 34. a6 Ke7 35. Rb6 Kf6 36. Rb7 g5 37. f4 gxf4 38. gxf4 Ng6 39. a7 Ra2 40. Kf1 Nh4 41. e4 h6 42. Bb5 Nf3 43. Bc6 Nd2+ 44. Ke1 Nf3+ 45. Kd1 Nd4 46. e5+ Kf5 47. Rxf7+ Kg4 48. a8=Q Rxa8 49. Bxa8 1-0


[Site "https://www.chess.com"]